 Dungeon Crawl Stone Soup version 0.27.1-15-g792fb953b9 (webtiles) character file.

Game seed: 2665137807379287016

1050 bellerephron the Slasher (level 8, 0/60 HPs)
             Began as a Demonspawn Fighter on Nov 20, 2021.
             Succumbed to a water moccasin's poison
             ... on level 5 of the Dungeon.
             The game lasted 00:11:31 (4847 turns).

bellerephron the Slasher (Demonspawn Fighter)       Turns: 4847, Time: 00:11:31

Health: 0/60       AC: 12    Str: 19    XL:     8   Next: 5%
Magic:  8/8        EV:  8    Int: 10    God:
Gold:   134        SH: 10    Dex: 12    Spells: 7/7 levels left

rFire    . . .     SeeInvis .   a - +0 long sword
rCold    . . .     Faith    .   c - +0 kite shield
rNeg     . . .     Spirit   +   r - +0 chain mail
rPois    .         Reflect  .   f - +0 helmet
rElec    .         Harm     .   k - +1 cloak
rCorr    .         Rampage  .   (no gloves)
Will     .....                  (no boots)
Stlth    ..........             h - amulet of guardian spirit
HPRegen  0.20/turn              w - +4 ring of slaying
MPRegen  0.22/turn              (no ring)

@: lethally poisoned (0 -> -8), flying
A: claws 2, repulsion field 2, magic regeneration
a: no special abilities


You were on level 5 of the Dungeon.
You visited 1 branch of the dungeon, and saw 5 of its levels.

You collected 158 gold pieces.
You spent 24 gold pieces at shops.

Inventory:

Hand Weapons
 a - a +0 long sword (weapon)
 e - a +6 dagger
 v - a +1 dagger of speed
Missiles
 g - 10 boomerangs
 q - 45 stones
 u - 16 poisoned darts (quivered)
Armour
 b - a +0 scale mail
 c - a +0 kite shield (worn)
 f - a +0 helmet (worn)
 k - a +1 cloak (worn)
 r - a +0 chain mail (worn)
Jewellery
 h - an amulet of guardian spirit (around neck)
 w - a +4 ring of slaying (left claw)
Wands
 x - a wand of acid (4)
 y - a wand of flame (16)
 z - a wand of paralysis (5)
Scrolls
 i - 2 scrolls of enchant armour
 j - a scroll of magic mapping
 l - a scroll of teleportation
 n - a scroll of blinking
 p - a scroll of silence {unknown}
Potions
 d - a potion of might
 o - a potion of brilliance {unknown}
 s - a potion of attraction {unknown}
 t - a potion of curing {unknown}


   Skills:
 + Level 4.1 Fighting
 + Level 6.1 Long Blades
 + Level 0.2 Throwing
 + Level 4.2 Armour
 + Level 1.2 Dodging
 * Level 4.9 Shields


You had 7 spell levels left.
You didn't know any spells.
Your spell library contained the following spells:

 Spells                   Type           Power      Damage    Failure   Level
 Conjure Flame            Conj/Fire      0%         6-21      100%        3
 Frozen Ramparts          Ice            0%         1d2       100%        3
 Ignite Poison            Fire/Tmut/Pois 0%         N/A       100%        3
 Ice Form                 Ice/Tmut       0%         N/A       100%        4
 Sticky Flame             Conj/Fire      0%         2d3       100%        4
 Summon Ice Beast         Ice/Summ       0%         N/A       100%        4


Dungeon Overview and Level Annotations

Branches:
Dungeon (5/15)
 Temple: D:4-7

Altars:
Yredelemnul

Shops:
D:2 *


Innate Abilities, Weirdness & Mutations

You have very sharp fingernails.
You are surrounded by a moderate repulsion field. (EV +3)
You regenerate magic rapidly.


Message History

You block the water moccasin's attack. x2
Unknown command.
Unknown command.
You closely miss the water moccasin.
The water moccasin is severely wounded.
You feel very sick. The water moccasin bites you.
You are lethally poisoned!
The water moccasin poisons you! You block the water moccasin's attack.
Unknown command.
You hit the water moccasin.
The water moccasin is severely wounded.
* * * LOW HITPOINT WARNING * * *
You feel extremely sick. You block the water moccasin's attack.
Unknown command.
Unknown command.
You slash the water moccasin!
You kill the water moccasin!
* * * LOW HITPOINT WARNING * * *
You feel very sick.
Your Long Blades skill increases to level 6!
You have reached level 8!
You feel stronger.
Your demonic ancestry asserts itself...
Your fingernails sharpen.
Unknown command.
As you read the scroll of teleportation, it crumbles to dust.
You feel strangely unstable.
* * * LOW HITPOINT WARNING * * *
You feel very sick. The scorpion barely misses you.
You block the scorpion's attack.
It was a potion of flight.
You feel very buoyant.
You fly up into the air.
* * * LOW HITPOINT WARNING * * *
You feel very sick. You block the scorpion's attack.
Your surroundings suddenly seem different.
Found 13 gold pieces.
You die...

.....# .....##
. ..... .......
.. .... ...$..#
... ...#.....##
... ..........
. .. .........
#...#.#........
#....@.......
....##.#.......
. ... .......
##.. .......
#.. .####.. ##.
.# . .. .# ..
..


There were no monsters in sight!

Vanquished Creatures
  A water moccasin (D:5)
  A phantom (D:4)
  A scorpion (D:4)
  3 killer bees (D:4)
  A wight (D:4)
  A human zombie (D:4)
  A jelly (D:5)
  A hound (D:4)
  2 orc priests (D:3)
  A bullfrog skeleton (D:4)
  3 iguanas
  3 scorpion zombies (D:4)
  Natasha (twice) (D:3)
  2 hound zombies (D:4)
  A hound skeleton (D:4)
  Robin (D:3)
  3 mummies (D:4)
  6 adders
  An adder skeleton (D:4)
  2 adder zombies (D:4)
  A worm (D:4)
  2 dart slugs
  6 orcs
  9 ball pythons
  6 endoplasms
  4 giant cockroaches
  15 goblins
  7 hobgoblins
  6 quokkas
  6 bats
  3 frilled lizards
  2 kobolds
  4 rats
108 creatures vanquished.

Notes
Turn   | Place    | Note
-------+----------+-------------------------------------------
     0 | D:1      | bellerephron the Demonspawn Fighter began the quest for the
                  | Orb.
     0 | D:1      | Reached XP level 1. HP: 18/18 MP: 1/1
   306 | D:1      | Gained mutation: You are surrounded by a mild repulsion
                  | field. (EV +2) [demonic ancestry]
   306 | D:1      | Reached XP level 2. HP: 13/24 MP: 2/2
   670 | D:1      | Reached skill level 2 in Long Blades
   985 | D:1      | You fall into a shaft and drop 1 floor!
  1008 | D:2      | Found Hyimilo's General Store.
  1016 | D:2      | Bought a scroll of identify for 24 gold pieces
  1029 | D:2      | Gained mutation: You have sharp fingernails. [demonic
                  | ancestry]
  1029 | D:2      | Reached XP level 3. HP: 29/29 MP: 3/3
  1377 | D:2      | Found a faded altar of an unknown god.
  2063 | D:3      | Reached XP level 4. HP: 35/35 MP: 4/4
  2103 | D:3      | Noticed Natasha
  2113 | D:3      | Reached skill level 3 in Long Blades
  2114 | D:3      | Killed Natasha
  2163 | D:3      | Noticed Robin
  2170 | D:3      | Reached XP level 5. HP: 25/41 MP: 5/5
  2176 | D:3      | Killed Robin
  2203 | D:3      | Reached skill level 4 in Long Blades
  2887 | D:3      | Noticed Natasha
  2891 | D:3      | Killed Natasha
  3180 | D:4      | Gained mutation: You regenerate magic rapidly. [demonic
                  | ancestry]
  3180 | D:4      | Reached XP level 6. HP: 32/47 MP: 4/6
  3730 | D:4      | Reached skill level 5 in Long Blades
  3732 | D:4      | Gained mutation: You are surrounded by a moderate repulsion
                  | field. (EV +3) [demonic ancestry]
  3732 | D:4      | Reached XP level 7. HP: 17/53 MP: 4/7
  4194 | D:4      | Found a basalt altar of Yredelemnul.
  4352 | D:4      | Reached skill level 1 in Dodging
  4756 | D:5      | Entered Level 5 of the Dungeon
  4845 | D:5      | Reached skill level 6 in Long Blades
  4845 | D:5      | Gained mutation: You have very sharp fingernails. [demonic
                  | ancestry]
  4845 | D:5      | Reached XP level 8. HP: 8/60 MP: 8/8
  4846 | D:5      | HP: 2/60 [poisoned by a water moccasin]
  4847 | D:5      | Succumbed to a water moccasin's poison

Illustrated notes

Levels and vault maps discovered:
D:1:      lightli_arrival_windingriver, layout_basic
D:2:      layout_loops_corners, serial_shops, shop,
          hellmonk_ecumenical_altar_heavens_door
D:3:      layout_basic, uniq_natasha, uniq_robin
D:4:      layout_basic, lemuel_mausoleum_altar_yredelemnul
D:5:      layout_rooms, nicolae_ru_great_annihilating_truth, minmay_pentangle

Skill      XL: |  1  2  3  4  5  6  7 |
---------------+----------------------+-----
Armour         | 3 4 |  4.2
Long Blades    | 2 3 4 5 6 |  6.1
Shields        | 3 4 |  4.9
Dodging        | 1 |  1.2
Fighting       | 4 |  4.1
Throwing       | |  0.2

Action                   |  1- 3 |  4- 6 |  7- 9 || total
-------------------------+-------+-------+-------++-------
Melee: Long sword        |   107 |   171 |   108 ||   386
Throw: Boomerang         |     3 |     4 |       ||     7
       Dart              |       |       |     1 ||     1
Evoke: Wand              |       |       |     1 ||     1
  Use: Scroll            |     4 |     2 |     1 ||     7
       Potion            |       |     1 |     2 ||     3
Armor: Scale mail        |    56 |    38 |       ||    94
       Chain mail        |       |    60 |    38 ||    98
Dodge: Dodged            |    52 |    47 |    39 ||   138
Block: Kite shield       |    57 |   106 |    52 ||   215
       Rpst.: Long sword |    19 |    13 |    10 ||    42
